 Dungeon Crawl Stone Soup version 0.20.1-1-g8b1a95d (webtiles) character file.

72 Irenicus the Ruffian (level 4, -4/42 HPs)
             Began as a Deep Dwarf Chaos Knight on Oct 21, 2017.
             Slain by a gnoll
             ... wielding a +0 spear
              (7 damage)
             ... on level 2 of the Dungeon.
             The game lasted 00:03:01 (806 turns).

Irenicus the Ruffian (Deep Dwarf Chaos Knight)       Turns: 806, Time: 00:03:02

Health: -4/42      AC:  5    Str: 15    XL:     4   Next: 7%
Magic:  4/4        EV: 11    Int: 13    God:    Xom [......]
Gold:   50         SH:  0    Dex: 15    Spells: 3/3 levels left

rFire    + . .     SeeInvis .     - Unarmed
rCold    . . .     Gourm    .   (no shield)
rNeg     . . .     Faith    .   a - +2 leather armour
rPois    .         Spirit   .   (no helmet)
rElec    .         Reflect  .   (no cloak)
rCorr    .         Harm     .   (no gloves)
MR       .....     Clarity  +   (no boots)
Stlth    ++........             (no amulet)
Regen    0.0/turn               j - ring of protection from fire
MPRegen  0.1/turn               (no ring)

@: non-regenerating
A: damage resistance, heal wounds, camouflage 1, agile 1, clarity, sense
surroundings 1, no regeneration
a: Heal Wounds, Renounce Religion


You were on level 2 of the Dungeon.
You worshipped Xom.
You were a very special plaything of Xom.
You were not hungry.

You visited 1 branch of the dungeon, and saw 2 of its levels.

You collected 50 gold pieces.

Inventory:

Armour
 a - a +2 leather armour (worn)
Jewellery
 j - a ring of protection from fire (left hand)
Scrolls
 c - a scroll of amnesia {unknown}
 f - a scroll of remove curse {unknown}
 h - a scroll of identify {unknown}
Potions
 g - a potion of cancellation
 i - a potion of haste {unknown}
 k - a potion of curing {unknown}
Comestibles
 b - a bread ration


   Skills:
 - Level 3.0 Fighting
 - Level 2.1 Armour
 - Level 1.1 Dodging
 + Level 4.2 Unarmed Combat


You had 3 spell levels left.
You didn't know any spells.

Dungeon Overview and Level Annotations

Branches:
Dungeon (2/15)

Altars:


Innate Abilities, Weirdness & Mutations

You are resistant to damage.
You can heal yourself by infusing magical energy.
You passively map a small area around you.
You do not regenerate.
Your skin changes colour to match your surroundings (Stealth+).
You are agile. (Dex +2)
You possess an exceptional clarity of mind.


Message History

You barely miss the gnoll.
The gnoll is severely wounded.
The gnoll barely misses you. x2; The gnoll hits you but does no damage.
A frilled lizard comes into view.
It was a potion of flight.
You feel very buoyant.
You fly up into the air.
The gnoll hits you from afar with a spear.
The gnoll hits you with a spear!
* * * LOW HITPOINT WARNING * * *
A gnoll comes into view.
It was a potion of cancellation.
Your magical effects are unravelling.
You feel magically purged.
You float gracefully downwards.
The frilled lizard hisses angrily.
The gnoll hits you with a spear.
* * * LOW HITPOINT WARNING * * *
The gnoll hits you but does no damage. The gnoll hits you with a spear!
You die...
Xom guffaws!

.## . , ,g.. .#* * ,
.g##*#.## * * .#g#. .#
#...#.## , , ##.%.##.##
#..#...## , ,#[!#K)#..#
##.......## ,,
#.$g##..###..........
......#.#g#.......(.....##
##.#.####@..# #g..... #
..........#### #...# #
...l.......†.# #)..# #
,...........##)###...### #
.....#.######.........# ##
, ...... ####.......#.###.
, ...#..,
.......†.##...##. ..,..*
*####............. ,*...
.........##...###


You could see 3 gnolls, a kobold and a frilled lizard.

Vanquished Creatures
  3 gnolls (D:2)
  An adder (D:2)
  A leopard gecko (D:2)
  2 goblins
  2 hobgoblins
  5 jackals (D:2)
  2 quokkas (D:2)
  3 bats
  2 frilled lizards
  5 kobolds (D:1)
  4 rats
30 creatures vanquished.

Vanquished Creatures (others)
  A hobgoblin (D:2)
  A jackal (D:2)
  A kobold (D:2)
3 creatures vanquished.

Grand Total: 33 creatures vanquished

Notes
Turn   | Place    | Note
-------+----------+-------------------------------------------
     0 | D:1      | Irenicus the Deep Dwarf Chaos Knight began the quest for the Orb.
     0 | D:1      | Reached XP level 1. HP: 20/20 MP: 1/1
    59 | D:1      | XOM: divination: detect creatures
    87 | D:1      | XOM: give mutations
    87 | D:1      | Gained mutation: You are partially covered in icy blue scales. (AC +2) [Xom's grace]
    87 | D:1      | Gained mutation: You possess an exceptional clarity of mind. [Xom's grace]
    87 | D:1      | Gained mutation: Your flesh is cold resistant. (rC+) [Xom's grace]
   228 | D:1      | Reached XP level 2. HP: 28/28 MP: 2/2
   250 | D:1      | Reached skill level 3 in Unarmed Combat
   397 | D:1      | XOM: divination: detect items
   403 | D:1      | XOM: god gift: 6 tomahawks of returning
   595 | D:2      | XOM: polymorph jackal -> quokka
   637 | D:2      | Reached XP level 3. HP: 15/34 MP: 3/3
   710 | D:2      | Reached skill level 4 in Unarmed Combat
   762 | D:2      | Reached XP level 4. HP: 33/42 MP: 4/4
   762 | D:2      | XOM: enchant monster (good)
   781 | D:2      | XOM: destruction
   791 | D:2      | XOM: enchant monster (bad)
   800 | D:2      | Lost mutation: Your flesh is cold resistant. (rC+) [potion of mutation]
   800 | D:2      | Lost mutation: You possess an exceptional clarity of mind. [potion of mutation]
   800 | D:2      | Lost mutation: You are partially covered in icy blue scales. (AC +2) [potion of mutation]
   800 | D:2      | Gained mutation: Your skin changes colour to match your surroundings (Stealth+). [potion of mutation]
   800 | D:2      | Gained mutation: You possess an exceptional clarity of mind. [potion of mutation]
   800 | D:2      | Gained mutation: You are agile. (Dex +2) [potion of mutation]
   806 | D:2      | Slain by a gnoll

Skill      XL: |  1  2  3 |
---------------+----------+-----
Fighting       | 3 |  3.0
Unarmed Combat | 3 4 |  4.2
Armour         | |  2.1
Dodging        | |  1.1

Action                   |  1- 3 |  4- 6 || total
-------------------------+-------+-------++-------
Melee: Unarmed           |   149 |    23 ||   172
       Punch             |     2 |       ||     2
 Abil: Heal Wounds       |     2 |       ||     2
  Use: Potion            |       |     3 ||     3
 Stab: Petrified         |       |     1 ||     1
Armor: Leather armour    |    54 |     5 ||    59
Dodge: Dodged            |    97 |    19 ||   116
